 Dungeon Crawl Stone Soup version 0.28-a0-32-g8dfe7f97f6 (webtiles) character file.

Game seed: 12350029933094556228

646 Demosthentine the Poker (level 7, -1/55 HPs)
             Began as a Merfolk Gladiator on July 28, 2021.
             Was an Elder of Zin.
             Succumbed to a killer bee's poison
             ... on level 4 of the Dungeon.
             The game lasted 00:05:05 (5814 turns).

Demosthentine the Poker (Merfolk Gladiator)         Turns: 5814, Time: 00:05:05

Health: -1/55      AC:  5    Str: 16    XL:     7   Next: 52%
Magic:  7/7        EV: 15    Int:  7    God:    Zin [****..]
Gold:   1464       SH:  0    Dex: 16    Spells: 6/6 levels left

rFire   . . .      SeeInvis .   a - +0 trident
rCold   . . .      Faith    .   (no shield)
rNeg    . . .      Spirit   .   b - +0 leather armour
rPois   .          Reflect  .   c - +0 helmet
rElec   .          Harm     .   i - +0 cloak
rCorr   .          Rampage  .   (no gloves)
Will    .....                   (no boots)
Stlth   +.........              (no amulet)
HPRegen 0.18/turn               (no ring)
MPRegen 0.10/turn               (no ring)

@: lethally poisoned (-1 -> -15)
A: (nimble swimmer 2), mertail
a: Renounce Religion, Recite, Vitalisation, Imprison, Donate Gold


You were on level 4 of the Dungeon.
You worshipped Zin.
Zin was greatly pleased with you.
You visited 1 branch of the dungeon, and saw 5 of its levels.

You collected 1584 gold pieces.
You donated 120 gold pieces to Zin.

Inventory:

Hand Weapons
 a - a +0 trident (weapon)
Missiles
 d - a throwing net (quivered)
Armour
 b - a +0 leather armour (worn)
 c - a +0 helmet (worn)
 i - a +0 cloak (worn)
Scrolls
 e - 2 scrolls of blinking
 j - 2 scrolls of identify
 o - a scroll of summoning
Potions
 f - 2 potions of haste
 g - a potion of brilliance
 h - a potion of attraction
 p - a potion of cancellation


   Skills:
 + Level 4.8 Fighting
 + Level 7.1 Polearms
 - Level 2.0 Throwing
 + Level 2.7 Armour
 + Level 6.5 Dodging


You had 6 spell levels left.
You didn't know any spells.
Your spell library contained the following spells:

 Spells                   Type           Power      Damage    Failure   Level
 Foxfire                  Conj/Fire      0%         2x1d4     50%         1
 Conjure Flame            Conj/Fire      0%         6-21      86%         3
 Inner Flame              Hex/Fire       0%         N/A       86%         3


Dungeon Overview and Level Annotations

Branches:
Dungeon (5/15)
 Temple: D:4-7

Altars:
Fedhas
Nemelex Xobeh
Yredelemnul
Zin


Innate Abilities, Weirdness & Mutations

((You are quick and stealthy near water. (Stealth+, EV+, Speed+++)))
Your lower body shifts to a powerful aquatic tail in water.


Message History

The killer bee stings you but does no damage.
The killer bee completely misses you.
You climb upwards.
There is a stone staircase leading down here.
You miss the killer bee.
The killer bee stings you but does no damage. x2
The gnoll hits you with a +0 club.
You miss the killer bee. The killer bee closely misses you.
The killer bee stings you.
You hit the killer bee but do no damage.
The killer bee barely misses you. The gnoll hits you with a +0 club.
The killer bee stings you.
You closely miss the killer bee. The killer bee barely misses you.
The gnoll misses you.
You hit the killer bee but do no damage.
The killer bee misses you. The killer bee stings you.
You are poisoned.
The killer bee poisons you! The gnoll hits you with a +0 club.
You hit the killer bee but do no damage.
You feel sick. The killer bee stings you!
You are more poisoned.
The killer bee poisons you! The gnoll hits you but does no damage.
The killer bee stings you.
* * * LOW HITPOINT WARNING * * *
You are more poisoned.
The killer bee poisons you!
You hit the killer bee but do no damage.
* * * LOW HITPOINT WARNING * * *
You feel very sick. The killer bee closely misses you.
The gnoll hits you with a +0 club!
* * * LOW HITPOINT WARNING * * *
The killer bee stings you but does no damage.
Okay, then.
Unknown command.
You miss the killer bee. Zin protects you from harm!
The killer bee closely misses you. The gnoll hits you but does no damage.
The killer bee barely misses you.
You hit the killer bee but do no damage.
You die...

### ###### ##.# ##....###
###..## #.......###
######......
#..#......###..#...†....
####...@#.##........>...
##...yg................
###........##............
#......#.......#....#..(.
##...###.......###.......
##....#..........##.<..#.
#.............#..#.....#.
####.............#........#.
#................##.........


You could see a killer bee and a gnoll.

Vanquished Creatures
  2 phantoms (D:4)
  2 killer bees (D:4)
  An orc priest (D:4)
  Crazy Yiuf (D:2)
  3 orc wizards (D:3)
  Natasha (thrice) (D:3)
  A hound skeleton (D:2)
  4 gnolls
  5 adders
  4 dart slugs
  3 orcs (D:3)
  2 bats (D:3)
  10 endoplasms
  5 giant cockroaches
  6 hobgoblins
  6 jackals (D:2)
  5 kobolds
  5 quokkas
  10 ball pythons
  6 frilled lizards
  10 goblins
  9 rats
103 creatures vanquished.

Notes
Turn   | Place    | Note
-------+----------+-------------------------------------------
     0 | D:1      | Demosthentine the Merfolk Gladiator began the quest for the
                  | Orb.
     0 | D:1      | Reached XP level 1. HP: 16/16 MP: 1/1
   160 | D:1      | Reached XP level 2. HP: 20/23 MP: 2/2
   558 | D:1      | Reached XP level 3. HP: 28/28 MP: 3/3
   965 | D:2      | Reached skill level 5 in Polearms
  1182 | D:2      | Reached skill level 1 in Armour
  1193 | D:2      | Reached XP level 4. HP: 32/35 MP: 4/4
  1978 | D:2      | Found a faded altar of an unknown god.
  1987 | D:2      | Found a runed translucent door.
  1988 | D:2      | Noticed Crazy Yiuf
  2165 | D:2      | Killed Crazy Yiuf
  2166 | D:2      | Reached skill level 5 in Dodging
  2166 | D:2      | Reached XP level 5. HP: 14/41 MP: 5/5
  2602 | D:3      | Found a glowing silver altar of Zin.
  2653 | D:3      | Became a worshipper of Zin the Law-Giver
  2653 | D:3      | Reached * piety under Zin
  2720 | D:3      | Noticed Natasha
  2750 | D:3      | Killed Natasha
  3042 | D:3      | Found a sparkling altar of Nemelex Xobeh.
  3080 | D:3      | Noticed Natasha
  3089 | D:3      | Killed Natasha
  3090 | D:3      | Reached skill level 6 in Polearms
  3090 | D:3      | Reached XP level 6. HP: 23/48 MP: 6/6
  3450 | D:3      | Noticed Natasha
  3460 | D:3      | Killed Natasha
  4280 | D:3      | HP: 2/48 [something/magic dart (5)]
  4705 | D:4      | Reached XP level 7. HP: 38/55 MP: 7/7
  4894 | D:4      | Reached ** piety under Zin
  5025 | D:4      | Reached skill level 7 in Polearms
  5378 | D:4      | Found a basalt altar of Yredelemnul.
  5387 | D:4      | Found a blossoming altar of Fedhas.
  5395 | D:4      | Identified a scroll of acquirement
  5395 | D:4      | Acquired 1312 gold pieces
  5396 | D:4      | Reached *** piety under Zin
  5396 | D:4      | Reached **** piety under Zin
  5424 | D:5      | Entered Level 5 of the Dungeon
  5812 | D:4      | HP: 2/55 [gnoll (7)]
  5813 | D:4      | Zin protects you from harm!
  5814 | D:4      | Succumbed to a killer bee's poison

Illustrated notes

Levels and vault maps discovered:
D:1:      dpeg_arrival_simpleton_b, layout_basic
D:2:      minmay_chambers_of_twos, layout_basic, ebering_ecumenical_altar_mist,
          uniq_crazy_yiuf_cottage, uniq_robin
D:3:      layout_basic, mainiacjoe_overflow_boulevard,
          nicolae_overflow_hidden_temple, uniq_natasha
D:4:      layout_cave_pools, minitemple, minmay_pentomino_pile
D:5:      layout_cave_pools, minmay_temple_entry_mist,
          kennysheep_generic_room_3, uniq_menkaure, uniq_pikel

Skill      XL: |  1  2  3  4  5  6  7 |
---------------+----------------------+-----
Polearms       | 5 6 7 |  7.1
Armour         | 1 2 |  2.7
Fighting       | 3 4 |  4.8
Dodging        | 5 6 |  6.5
Throwing       | |  2.0

Action                   |  1- 3 |  4- 6 |  7- 9 || total
-------------------------+-------+-------+-------++-------
Melee: Trident           |   116 |   269 |    70 ||   455
       Unarmed           |       |     2 |       ||     2
Throw: Throwing net      |       |     4 |       ||     4
  Use: Scroll            |     1 |     2 |     6 ||     9
       Potion            |       |     2 |       ||     2
 Stab: Sleeping          |     3 |       |       ||     3
       Held in net/web   |       |     2 |       ||     2
Armor: Leather armour    |    24 |    67 |    17 ||   108
Dodge: Dodged            |    71 |   144 |    38 ||   253

Table legend: (Time is in decaauts)
 A = Elapsed time spent in this place.
 B = Non-inter-level travel time spent in this place.
 C = Inter-level travel time spent in this place.
 D = Time resting spent in this place.
 E = Time spent auto-exploring this place.
 F = Levels seen in this place.
 G = Mean time per level.
                   A        B        C        D        E       F      G
               +--------+--------+--------+--------+--------+-----+--------+
         Total |   5824 |   5749 |     75 |    983 |   3762 |   5 | 1164.8 |
       Dungeon |   5824 |   5749 |     75 |    983 |   3762 |   5 | 1164.8 |
               +--------+--------+--------+--------+--------+-----+--------+

Top non-repeatable levels by time:
     D:3: 2066 daAuts
     D:4: 1318 daAuts
     D:1: 1222 daAuts
     D:2: 1190 daAuts
     D:5: 26 daAuts
